 Dungeon Crawl Stone Soup version 0.27.1-33-g824d729ab1 (webtiles) character file.

Game seed: 1823419187203427871

77 R33an1 the Sneak (level 4, -2/33 HPs)
             Began as a Demonspawn Brigand on Nov 28, 2021.
             Was a Follower of Kikubaaqudgha.
             Killed by divine providence
             ... invoked by an orc priest
              (14 damage)
             ... on level 3 of the Dungeon.
             The game lasted 00:26:16 (2554 turns).

R33an1 the Sneak (Demonspawn Brigand)               Turns: 2554, Time: 00:26:16

Health: -2/33      AC:  4    Str: 17    XL:     4   Next: 13%
Magic:  4/4        EV: 11    Int: 15    God:    Kikubaaqudgha [*.....]
Gold:   91         SH:  4    Dex: 18    Spells: 3/3 levels left

rFire    . . .     SeeInvis +   a - +2 dagger
rCold    . . .     Faith    .   (no shield)
rNeg     . . .     Spirit   .   o - +0 leather armour
rPois    +         Reflect  .   (no helmet)
rElec    .         Harm     .   c - +0 cloak
rCorr    .         Rampage  .   (no gloves)
Will     .....                  (no boots)
Stlth    +++.......             f - amulet of Res Nullius {rPois Regen+ Int+3 Dex+2 SInv}
HPRegen  1.11/turn              g - +6 ring of strength
MPRegen  0.09/turn              h - ring of see invisible

@: no status effects
A: large bone plates 1
a: Renounce Religion, Receive Corpses


You were on level 3 of the Dungeon.
You worshipped Kikubaaqudgha.
Kikubaaqudgha was aware of your devotion.
You visited 1 branch of the dungeon, and saw 3 of its levels.

You collected 91 gold pieces.

Inventory:

Hand Weapons
 a - a +2 dagger (weapon)
 j - a +0 short sword
Missiles
 d - 19 poisoned darts (quivered)
 e - 2 curare-tipped darts
 t - a throwing net
Armour
 b - a +0 robe
 c - a +0 cloak (worn)
 o - a +0 leather armour (worn)
Magical Staves
 i - a staff of poison
Jewellery
 f - the amulet of Res Nullius (around neck) {rPois Regen+ Int+3 Dex+2 SInv}
   (You acquired it on level 3 of the Dungeon)

   [amulet of regeneration]

   Int:       It affects your intelligence (+3).
   Dex:       It affects your dexterity (+2).
   rPois:     It protects you from poison.
   SInv:      It lets you see invisible.
   Regen:     It increases your rate of health regeneration.
 g - a +6 ring of strength (left hand)
 h - a ring of see invisible (right hand)
 n - a ring of protection from fire
 p - a ring of resist corrosion
Scrolls
 s - a scroll of identify {unknown}
 u - a scroll of enchant weapon {unknown}
Potions
 k - a potion of magic {unknown}
 l - 2 potions of degeneration {unknown}
 m - 2 potions of heal wounds {unknown}
 q - a potion of ambrosia {unknown}
 r - a potion of berserk rage {unknown}


   Skills:
 + Level 2.1 Fighting
 + Level 2.5 Short Blades
 + Level 1.8 Throwing
 + Level 0.1 Armour
 + Level 1.1 Dodging
 + Level 4.7 Stealth
 + Level 0.1 Shields


You had 3 spell levels left.
You didn't know any spells.
Your spell library contained the following spells:

 Spells                   Type           Power      Damage    Failure   Level
 Pain                     Necr           0%         1d4       32%         1
 Corpse Rot               Necr/Air       N/A        N/A       43%         2
 Sublimation of Blood     Necr           0%         N/A       43%         2
 Vampiric Draining        Necr           0%         2d6       67%         3


Dungeon Overview and Level Annotations

Branches:
Dungeon (3/15)

Altars:
Kikubaaqudgha
Zin


Innate Abilities, Weirdness & Mutations

You are partially covered in large bone plates. (SH +4)


Message History

(D) Dungeon
Where to? (Enter - D:3 @ (x,y), ? - help)
(D) Dungeon
Where to? (Enter - D:3 @ (x,y), ? - help)
(D) Dungeon
Where to? (Enter - D:3 @ (x,y), ? - help)
(D) Dungeon
Where to? (Enter - D:3 @ (x,y), ? - help)
Okay, then.
(D) Dungeon
Where to? (Enter - D:3 @ (x,y), ? - help)
Okay, then.
You kneel at the altar of Zin.
Zin does not accept worship from those such as you!
An endoplasm, an orc and an orc priest come into view.
The orc is wielding a +2 flail of protection.
An orc comes into view. It is wielding a +0 whip.
The orc priest shouts!
The orc shouts!
You hear a shout! x6
You see here a scroll labelled TUECLEO MILEG.
u - a scroll labelled TUECLEO MILEG The orc shouts!
A hobgoblin comes into view.
The orc misses you.
The orc priest mumbles some strange prayers to Beogh against you.
Beogh smites you!
You hit the orc but do no damage. You block the orc's attack.
You barely miss the orc. The orc barely misses you.
The orc priest calls down the wrath of Beogh upon you.
Beogh smites you!
Ouch! That really hurt!
The orc shouts!
You hit the orc.
The orc is almost dead.
The orc barely misses you.
You hit the orc but do no damage.
The orc is almost dead.
The orc priest invokes the aid of Beogh against you.
Beogh smites you!
You die...
Kikubaaqudgha rasps: "You have failed me!
Welcome... death!"

#.......# #.#....... ...
#.##....# #.#....... ....#
#.##.#..###.###.#..# #...#
#.##.......[###...## #...#
#.......##.......... #...#
#.................##
######...########.####.........##
...............##.####.........##
.......o..o.gooo@...##.........#
...g........o..##.#.##.#.......#
######...########.#.##.#.......#
#...# #......#.......# #...#
####.############ #...# #.......#
#...# #.##.##.##### #...#
#.##........#
###.########.##.....##.


You could see an orc priest, 4 orcs and a hobgoblin.

Vanquished Creatures
  An iguana (D:2)
  An orc (D:2)
  2 bats
  4 endoplasms
  2 giant cockroaches
  2 goblins
  5 hobgoblins
  6 kobolds
  2 quokkas
  5 ball pythons
  12 frilled lizards
  6 rats
48 creatures vanquished.

Vanquished Creatures (others)
  A fungus (D:2)
1 creature vanquished.

Grand Total: 49 creatures vanquished

Notes
Turn   | Place    | Note
-------+----------+-------------------------------------------
     0 | D:1      | R33an1 the Demonspawn Brigand began the quest for the Orb.
     0 | D:1      | Reached XP level 1. HP: 16/16 MP: 1/1
   251 | D:1      | Reached skill level 4 in Stealth
   317 | D:1      | Gained mutation: You are partially covered in large bone
                  | plates. (SH +4) [demonic ancestry]
   317 | D:1      | Reached XP level 2. HP: 20/22 MP: 2/2
   759 | D:1      | Reached skill level 1 in Dodging
  1106 | D:2      | Reached XP level 3. HP: 27/27 MP: 3/3
  1680 | D:2      | Reached XP level 4. HP: 31/33 MP: 4/4
  2101 | D:2      | Found a faded altar of an unknown god.
  2109 | D:2      | Became a worshipper of Kikubaaqudgha
  2109 | D:2      | Reached * piety under Kikubaaqudgha
  2109 | D:2      | Received a gift from Kikubaaqudgha
  2291 | D:3      | Identified a scroll of acquirement
  2291 | D:3      | Acquired the amulet of Res Nullius {rPois Regen+ Int+3
                  | Dex+2 SInv}
  2383 | D:3      | Noticed an ogre
  2554 | D:3      | Killed from afar by an orc priest

Illustrated notes

Levels and vault maps discovered:
D:1:      grunt_arrival_crossed_arrows, layout_loops_ring, amethyst_killhole,
          minivault_25, minmay_lizard_pond
D:2:      layout_loops_corners, shapermc_ecumenical_altar_petra
D:3:      layout_loops_cross, nicolae_ru_path_of_blood,
          mainiacjoe_overflow_chevrons

Skill      XL: |  1  2 |
---------------+-------+-----
Stealth        | 4 |  4.7
Short Blades   | 2 |  2.5
Dodging        | 1 |  1.1
Fighting       | |  2.1
Throwing       | |  1.8
Armour         | |  0.1
Shields        | |  0.1

Action                   |  1- 3 |  4- 6 || total
-------------------------+-------+-------++-------
Melee: Dagger            |    97 |    19 ||   116
  Use: Scroll            |       |     2 ||     2
 Stab: Sleeping          |    10 |       ||    10
Armor: Robe              |    16 |       ||    16
       Leather armour    |     1 |     5 ||     6
Dodge: Dodged            |    24 |     9 ||    33
Block: Other             |     6 |     2 ||     8
